 Dungeon Sprint DCSS version 0.26-a0-1222-g14533b3512 (webtiles) character file.

Game seed: 13689413829157580900

2709 reriks the Protected (level 9, -48/94 HPs)
             Began as a Gargoyle Berserker on Dec 31, 2020.
             Was a High Priest of Trog.
             Killed from afar by a crystal guardian (56 damage)
             ... with a crystal bolt
             ... in the Dungeon (Sprint II: "The Violet Keep of Menkaure").
             The game lasted 00:04:44 (2557 turns).

reriks the Protected (Gargoyle Berserker)           Turns: 2557, Time: 00:04:44

Health: -48/94     AC: 26    Str: 24    XL:     9   Next: 66%
Magic:  9/9        EV: 15    Int:  8    God:    Trog [*****.]
Gold:   620        SH:  0    Dex: 14    Spells: 8/8 levels left

rFire    . . .     SeeInvis .   i - +3 morningstar (protect)
rCold    . . .     Faith    .   (no shield)
rNeg     + . .     Spirit   .   j - +1 scale mail "Kex Woa" {Dex+5}
rPois    ∞         Reflect  .   (no helmet)
rElec    +         Harm     .   (no cloak)
rCorr    .         Rampage  .   (no gloves)
Will     .....     NoTele   +   v - +1 pair of boots (curse)
Stlth    ..........             (no amulet)
HPRegen  0.25/turn              (no ring)
MPRegen  0.11/turn              (no ring)

@: berserking, protection aura, very quick
A: negative energy resistance 1, electricity resistance, unbreathing,
petrification resistance, miasma immunity, AC +6
a: Renounce Religion, Berserk, Trog's Hand, Brothers in Arms


You were in the Dungeon.
You worshipped Trog.
Trog was extremely pleased with you.
You visited 1 branch You collected 1017 gold pieces.
You spent 397 gold pieces at shops.

Inventory:

Hand Weapons
 a - a +0 mace
 i - a +3 morningstar of protection (weapon)
Armour
 b - a +0 animal skin
 j - the +1 scale mail "Kex Woa" (worn) {Dex+5}
   (You bought it in a shop in the Dungeon)

   It affects your dexterity (+5).
 v - a cursed +1 pair of boots (worn)
Scrolls
 h - 2 scrolls of blinking
 l - a scroll of fear
 o - a scroll of remove curse
Potions
 c - 2 potions of curing
 d - a potion of heal wounds
 e - a potion of haste
 f - 5 potions of magic
 g - a potion of berserk rage
 n - a potion of mutation
 p - a potion of degeneration
 q - 3 potions of resistance
 r - a potion of attraction
 s - 4 potions of flight


   Skills:
 + Level 10.5 Fighting
 * Level 12.7 Maces & Flails
 * Level 13.4 Armour
 + Level 7.8 Dodging


You had 8 spell levels left.
You didn't know any spells.
Your spell library was empty.

Dungeon Overview and Level Annotations

Branches:
Dungeon (1/1)

Altars:
Cheibriados
Dithmenos
Elyvilon
Fedhas
Hepliaklqana
Kikubaaqudgha
Makhleb
Nemelex Xobeh
Qazlal
Ru
Sif Muna
Trog
Uskayaw
Vehumet
Wu Jian
Xom
Yredelemnul
Zin
The Shining One
Beogh
Jiyva
Lugonu

Shops:
D ?:!!!(=[:}[![?=

Annotations:
D exclusion: oklob plant


Innate Abilities, Weirdness & Mutations

You are resistant to torment.
Your stone body is resilient. (AC +6)
You are immune to poison.
You resist negative energy. (rN+)
You are resistant to electric shocks. (rElec)
You can survive without breathing.
You are immune to petrification.
You are immune to miasma.


Message History

You hit the crystal guardian.
The crystal guardian is severely damaged.
You hit the crystal guardian.
The crystal guardian is severely damaged.
The crystal guardian fires a crystalline bolt at you.
The crystal bolt misses you. The crystal bolt freezes you!
* * * LOW HITPOINT WARNING * * *
The crystal bolt freezes the crystal guardian.
The crystal guardian completely resists.
The crystal bolt freezes the crystal guardian.
The crystal guardian completely resists.
You catch the helpless crystal guardian completely off-guard!
You sock the crystal guardian!
The crystal guardian is almost destroyed.
You hit the crystal guardian.
The crystal guardian is almost destroyed.
The crystal guardian fires a crystalline bolt at you.
The crystal bolt freezes you!!!
Ouch! That really hurt!
You die... ≈## #.°.▓≈≈ #####≈≈#+++ ++ #)°▓▓▓ ####≈≈≈... ... #○°▓.§ ...#≈≈≈≈.## ##.. #. .#==▓§§ ...#≈≈≈≈##$ .##.#### +.##k#=:▓.. ∩..#≈≈≈≈#.. .. ....# ..8####▓(. .∩.#≈≈### B#B

###..## #^.##.#▓.( ∩.∩#≈##.###+#
#.##..# +..#..#▓(.
.∩.#≈#...##.###8@#..# #..#..#▓)(
..∩'≈÷.#)'.<.'.##+..####..##.#▓..
...#≈#...##.###.8#(§.§###...##▓▓▓
▓###≈##.###'###.##.§....≈≈≈≈≈≈≈≈≈
####≈≈####.#.####≈§..§..≈#+######
. ##≈≈≈#.###.#≈≈≈≈≈§≈..≈#._._._.
$#+ #'#≈##.#.##≈≈≈§≈≈≈≈.≈#.._._._
##. #.#≈≈##+##≈≈≈≈§≈≈≈§≈≈#._._._.
#.. ### ≈≈≈ ≈≈≈≈≈§§§≈§§≈≈#_._._._


You could see a crystal guardian.

Vanquished Creatures
  A death drake (D)
  A merfolk siren (D)
  A yaktaur (D)
  3 polar bears (D)
  A hornet (D)
  2 wyverns (D)
  4 water moccasins (D)
  A swamp drake (D)
  A hell rat (D)
  4 worker ants (D)
19 creatures vanquished.

Vanquished Creatures (others)
  Menkaure (D)
  A water moccasin (D)
  8 tentacles (D)
10 creatures vanquished.

Grand Total: 29 creatures vanquished

Notes
Turn   | Place    | Note
-------+----------+-------------------------------------------
     0 | D        | reriks the Gargoyle Berserker began the quest for the Orb.
     0 | D        | Reached XP level 1. HP: 14/14 MP: 1/1
     1 | D        | Noticed a boulder beetle
     1 | D        | Noticed a boulder beetle
     4 | D        | Noticed a worker ant
     4 | D        | Noticed a worker ant
    10 | D        | Killed a worker ant
    11 | D        | Reached skill level 3 in Armour
    11 | D        | Reached XP level 2. HP: 20/20 MP: 2/2
    14 | D        | Reached skill level 4 in Armour
    14 | D        | Reached XP level 3. HP: 25/25 MP: 3/3
    31 | D        | Killed Menkaure
   158 | D        | Reached ** piety under Trog
   159 | D        | Reached skill level 5 in Fighting
   159 | D        | Reached skill level 5 in Maces & Flails
   159 | D        | Reached skill level 5 in Armour
   159 | D        | Reached XP level 4. HP: 31/31 MP: 4/4
   205 | D        | Killed a water moccasin
   217 | D        | Noticed a wyvern
   217 | D        | Noticed a wyvern
   228 | D        | Killed a wyvern
   229 | D        | Reached skill level 7 in Armour
   229 | D        | Reached XP level 5. HP: 19/37 MP: 5/5
   229 | D        | Reached XP level 6. HP: 22/42 MP: 6/6
   233 | D        | Killed a wyvern
   234 | D        | Reached skill level 9 in Armour
   234 | D        | Reached skill level 5 in Dodging
   538 | D        | Noticed a merfolk siren
   546 | D        | Killed a merfolk siren
   546 | D        | Reached *** piety under Trog
   547 | D        | Reached skill level 10 in Armour
   547 | D        | Reached XP level 7. HP: 49/49 MP: 7/7
   734 | D        | Found Itiroz's Antique Armour Shoppe.
   734 | D        | Found Zaetot's Magic Scroll Shoppe.
   734 | D        | Found Qompoferoi's Armour Emporium.
   734 | D        | Found Doypewka's Antique Armour Shoppe.
   734 | D        | Found Iligued's Distillery.
   734 | D        | Found Xis Obb's Book Shoppe.
   734 | D        | Found Ohisuf's Gadget Shoppe.
   734 | D        | Found Roan's Jewellery Emporium.
   735 | D        | Found Risoehos's Antique Weapon Shoppe.
   735 | D        | Found Zotesur's Distillery.
   736 | D        | Found Qoannot's Jewellery Emporium.
   737 | D        | Found Uskuan's Distillery.
   737 | D        | Found Cugos's Distillery.
   737 | D        | Noticed an oklob plant
   749 | D        | Reached skill level 10 in Maces & Flails
   896 | D        | Noticed a flying skull
   896 | D        | Noticed a flying skull
   909 | D        | Reached XP level 8. HP: 55/55 MP: 8/8
  1061 | D        | Found Boniuf's Magic Scroll Shoppe.
  1061 | D        | Found Xofig's Book Shoppe.
  1069 | D        | Bought a runed morningstar for 217 gold pieces
  1071 | D        | Bought a fine scale mail for 180 gold pieces
  1081 | D        | Identified the +1 scale mail "Kex Woa" {Dex+5} (You bought
                  | it in a shop in the Dungeon)
  1097 | D        | Noticed a death yak
  1125 | D        | Found a glowing silver altar of Zin.
  1126 | D        | Found a glowing golden altar of the Shining One.
  1126 | D        | Found a basalt altar of Yredelemnul.
  1126 | D        | Found a hide-covered altar of Uskayaw.
  1127 | D        | Found a shimmering altar of Xom.
  1127 | D        | Found a bloodstained altar of Trog.
  1127 | D        | Found a radiant altar of Vehumet.
  1127 | D        | Found a burning altar of Makhleb.
  1128 | D        | Found an ornate altar of the Wu Jian Council.
  1128 | D        | Found a shimmering blue altar of Sif Muna.
  1128 | D        | Found a corrupted altar of Lugonu.
  1129 | D        | Found a sacrificial altar of Ru.
  1129 | D        | Found an ancient bone altar of Kikubaaqudgha.
  1129 | D        | Found a white marble altar of Elyvilon.
  1130 | D        | Noticed a polar bear
  1131 | D        | Noticed a polar bear
  1154 | D        | Killed a polar bear
  1154 | D        | Reached **** piety under Trog
  1155 | D        | Reached skill level 11 in Armour
  1159 | D        | Killed a polar bear
  1342 | D        | Found a stormy altar of Qazlal.
  1342 | D        | Found a viscous altar of Jiyva.
  1342 | D        | Found a shadowy altar of Dithmenos.
  1344 | D        | Noticed a hornet
  1345 | D        | Noticed a polar bear
  1347 | D        | Noticed a yaktaur
  1358 | D        | Killed a hornet
  1361 | D        | Killed a polar bear
  1362 | D        | Reached skill level 12 in Armour
  1365 | D        | Killed a yaktaur
  1366 | D        | Reached XP level 9. HP: 62/62 MP: 9/9
  1529 | D        | Found a sparkling altar of Nemelex Xobeh.
  1529 | D        | Found a blossoming altar of Fedhas.
  1531 | D        | Found a hazy altar of Hepliaklqana.
  1531 | D        | Found a snail-covered altar of Cheibriados.
  1532 | D        | Found a roughly hewn altar of Beogh.
  1540 | D        | Noticed a kraken
  1704 | D        | Found the ring of Shadows {Umbra +Inv Stlth+}
  2115 | D        | Reached ***** piety under Trog
  2117 | D        | Reached skill level 10 in Fighting
  2277 | D        | Noticed a death drake
  2392 | D        | Killed a death drake
  2393 | D        | Reached skill level 13 in Armour
  2531 | D        | Noticed a crystal guardian
  2557 | D        | Killed from afar by a crystal guardian

Illustrated notes

Levels and vault maps discovered:
D:        the_violet_keep_of_menkaure [sprint2_stairs_cluster_1,
          sprint2_shoproom, sprint2_temple, sprint2_basic_supplies,
          sprint2_obstacle_1, sprint2_obstacle_4, sprint2_obstacle_5,
          sprint2_obstacle_3, sprint2_obstacle_6, sprint2_timed_cluster_1,
          sprint2_smallroom_cluster_1, sprint2_smallroom_final_cluster_1,
          sprint2_transparent_cluster_1, sprint2_second_timed_cluster_1,
          sprint2_sniper_area_1, sprint2_heavy_combat_area_1,
          sprint2_mutation_trap_area_1, sprint2_forest_area_1,
          sprint2_light_combat_area_1, sprint2_behind_water_1,
          sprint2_near_end_vault_1]

Skill      XL: |  1  2  3  4  5  6  7  8  9 |
---------------+----------------------------+-----
Fighting       | 4 5 6 8 9 10 | 10.5
Maces & Flails | 4 5 7 9 10 11 12 | 12.7
Armour         | 3 4 5 7 10 12 13 | 13.4
Dodging        | 2 3 4 5 6 7 |  7.8

Action                   |  1- 3 |  4- 6 |  7- 9 || total
-------------------------+-------+-------+-------++-------
Melee: Mace              |     9 |    25 |    12 ||    46
       Morningstar       |       |       |    44 ||    44
Invok: Berserk           |     2 |     2 |     7 ||    11
  Use: Scroll            |       |       |    11 ||    11
 Stab: Distracted        |       |       |     1 ||     1
Armor: Animal skin       |     3 |     3 |     1 ||     7
       Scale mail        |       |       |    33 ||    33
Dodge: Dodged            |     7 |     9 |    49 ||    65

Table legend: (Time is in decaauts)
 A = Elapsed time spent in this place.
 B = Non-inter-level travel time spent in this place.
 C = Inter-level travel time spent in this place.
 D = Time resting spent in this place.
 E = Time spent auto-exploring this place.
 F = Levels seen in this place.
 G = Mean time per level.
                   A        B        C        D        E       F      G
               +--------+--------+--------+--------+--------+-----+--------+
         Total |   2670 |   2670 |      0 |   2125 |    111 |   1 | 2670.0 |
       Dungeon |   2670 |   2670 |      0 |   2125 |    111 |   1 | 2670.0 |
               +--------+--------+--------+--------+--------+-----+--------+

Top non-repeatable levels by time:
       D: 2670 daAuts
